 Dungeon Crawl Stone Soup version 0.28.0 (webtiles) character file.

Game seed: 9291826624813036793

1671 psuckher the Ruffian (level 8, -1/78 HPs)
             Began as a Troll Delver on Feb 16, 2022.
             Was an Initiate of Trog.
             Slain by a killer bee (6 damage)
             ... on level 6 of the Dungeon.
             The game lasted 00:19:33 (4815 turns).

psuckher the Ruffian (Troll Delver)                 Turns: 4815, Time: 00:19:35

Health: -1/78      AC:  5    Str: 23    XL:     8   Next: 70%
Magic:  7/7        EV: 11    Int:  6    God:    Trog [......]
Gold:   269        SH:  0    Dex: 15    Spells: 7/7 levels left

rFire   + + .      SeeInvis .     - Unarmed
rCold   . . .      Faith    .   (no shield)
rNeg    . . .      Spirit   .   m - +1 robe "Etairphau" {rF++ MP-9 Dex+4}
rPois   .          Reflect  .   (helmet restricted)
rElec   .          Harm     .   (no cloak)
rCorr   .          Rampage  .   (gloves unavailable)
Will    .....                   (boots unavailable)
Stlth   ++++......              e - amulet of magic regeneration
HPRegen 1.03/turn               l - ring of magical power
MPRegen 0.50/turn               (no ring)

@: lethally poisoned (-1 -> -3), invisible
A: large, unfitting armour, claws 3, regeneration 1, shaggy fur 1, tough skin 1,
camouflage 1, high MP 1
a: Renounce Religion


You were on level 6 of the Dungeon.
You worshipped Trog.
Trog was noncommittal.
You visited 2 branches of the dungeon, and saw 7 of its levels.

You collected 269 gold pieces.

Inventory:

Hand Weapons
 h - a +0 morningstar
 k - a +0 dagger
Missiles
 t - 3 poisoned darts (quivered)
Armour
 a - a +2 robe
 i - a +0 pair of boots
 m - the +1 robe "Etairphau" (worn) {rF++ MP-9 Dex+4}
   (You found it on level 3 of the Dungeon)

   Dex:       It affects your dexterity (+4).
   rF:        It greatly protects you from fire.
   MP:        It affects your magic capacity (-9).
 v - a +0 buckler
Jewellery
 e - an amulet of magic regeneration (around neck)
 l - a ring of magical power (left claw)
Wands
 f - a wand of digging (3)
Scrolls
 b - a scroll of fog
 c - 4 scrolls of magic mapping
 j - 4 scrolls of noise
 o - a scroll of blinking
 p - 4 scrolls of teleportation
Potions
 n - a potion of curing
 r - a potion of attraction


   Skills:
 + Level 3.7 Fighting
 + Level 3.1 Dodging
 + Level 5.2 Stealth
 + Level 7.5 Unarmed Combat


You had 7 spell levels left.
You didn't know any spells.
Your spell library contained the following spells:

 Spells                   Type           Power      Damage    Failure   Level
 Blink                    Tloc           0%         N/A       58%         2
 Manifold Assault         Tloc           0%         N/A       100%        5
 Storm Form               Tmut/Air       0%         N/A       100%        7


Dungeon Overview and Level Annotations

Branches:
Dungeon (6/15)             Temple (1/1) D:6

Altars:
Ashenzari
Cheibriados
Dithmenos
Elyvilon
Fedhas
Gozag
Hepliaklqana
Kikubaaqudgha
Makhleb
Nemelex Xobeh
Okawaru
Qazlal
Ru
Sif Muna
Trog
Uskayaw
Vehumet
Wu Jian
Xom
Yredelemnul
Zin
The Shining One

Shops:
D:3 *

Annotations:
D:6 1 transporter, Maggie; sirJeffrey23's ghost, amateur HOMo


Innate Abilities, Weirdness & Mutations

You are too large for most types of armour.
You have claws for hands.
Your natural rate of healing is unusually fast.
You are covered in fur. (AC +1)
You have tough skin. (AC +1)
Your skin changes colour to match your surroundings (Stealth+).
You have an increased reservoir of magic. (+10% MP)


Message History

There are monsters nearby!
You feel better. SirJeffrey23's ghost hits you!
* * * LOW HITPOINT WARNING * * *
You barely miss sirJeffrey23's ghost.
SirJeffrey23's ghost is moderately damaged.
SirJeffrey23's ghost barely misses you.
You feel better.
SirJeffrey23's ghost closely misses you.
You catch the helpless sirJeffrey23's ghost completely off-guard!
You scratch sirJeffrey23's ghost but do no damage.
SirJeffrey23's ghost is moderately damaged.
SirJeffrey23's ghost hits you but does no damage.
The killer bee buzzes angrily.
You catch the helpless killer bee completely off-guard!
You scratch the killer bee.
The killer bee is lightly wounded.
You hear an angry buzzing noise.
The killer bee stings you but does no damage.
The killer bee buzzes angrily.
You hear an angry buzzing noise.
You miss the killer bee.
The killer bee is lightly wounded.
The killer bee closely misses you. SirJeffrey23's ghost misses you.
The killer bee stings you.
* * * LOW HITPOINT WARNING * * *
You strike the helpless killer bee from behind!
You mangle the killer bee!!
You kill the killer bee!
Trog accepts your kill. The killer bee stings you.
* * * LOW HITPOINT WARNING * * *
You are poisoned.
The killer bee poisons you! SirJeffrey23's ghost hits you.
* * * LOW HITPOINT WARNING * * *
You catch the helpless sirJeffrey23's ghost completely off-guard!
You claw sirJeffrey23's ghost!
SirJeffrey23's ghost is heavily damaged.
You feel sick. The killer bee stings you!
* * * LOW HITPOINT WARNING * * *
The killer bee stings you.
You die...

.#..##.####..##.........#.##
.#..............###.###....#
.#.###.........#########...#
.#.# ###.###..###y###.###..#
...# #.# #..##...#...##..#
.### #.# #..####.#.####..#
.# #.# #..##...#...##..# .#
###.###..#.#y#.#.#$#..# .#
#........#.@#...#.(#..# .#
#.......©#W†#.#.#.y#©.# .#
###.)......#..#...#yW#.## .#
#..........#.#.#.#.#$#.# .#
#.....##...##...#...##.# .#
#....###...##.#.###y##.# .#
#....# #...##...#...##.# >#
###### #...###.###.###.# .#
#....#########..#


You could see a killer bee and sirJeffrey23's ghost.

Vanquished Creatures
  The ghost of BodkinsOdds the Skirmisher, an amateur DrMo (D:4)
  Menkaure (D:6)
  2 black bears (D:6)
  3 ogres
  A phantom (D:6)
  A bullfrog (D:6)
  A water moccasin zombie (D:5)
  A scorpion (D:5)
  3 killer bees (D:6)
  2 bullfrog zombies (D:6)
  2 orc priests (D:4)
  2 hounds
  4 bullfrog skeletons
  A jelly (D:4)
  Jessica (D:3)
  4 iguanas
  A hound zombie (D:5)
  A hound skeleton (D:4)
  3 adders
  2 white imps
  A worm (D:3)
  4 dart slugs
  10 orcs
  10 endoplasms
  2 giant cockroaches
  5 hobgoblins
  8 kobolds
  4 quokkas
  4 ball pythons
  4 bats
  3 frilled lizards
  4 goblins
  5 rats
101 creatures vanquished.

Vanquished Creatures (others)
  A fungus (D:1)
  A plant (D:1)
2 creatures vanquished.

Grand Total: 103 creatures vanquished

Notes
Turn   | Place    | Note
-------+----------+-------------------------------------------
     0 | D:5      | psuckher the Troll Delver began the quest for the Orb.
     0 | D:5      | Reached XP level 1. HP: 22/22 MP: 0/0
    18 | D:5      | Reached XP level 2. HP: 29/29 MP: 1/1
    74 | D:5      | Reached XP level 3. HP: 31/36 MP: 2/2
   128 | D:5      | Reached XP level 4. HP: 39/44 MP: 3/3
   140 | D:5      | Reached XP level 5. HP: 39/52 MP: 4/4
   241 | D:5      | Reached skill level 3 in Unarmed Combat
   313 | D:5      | Reached XP level 6. HP: 43/61 MP: 5/5
   570 | D:5      | Reached skill level 4 in Unarmed Combat
   838 | D:4      | Found a runed translucent door.
   865 | D:4      | Reached XP level 7. HP: 31/67 MP: 6/6
   919 | D:4      | Noticed BodkinsOdds's ghost (amateur DrMo)
   943 | D:4      | Killed BodkinsOdds's ghost
   944 | D:4      | Reached skill level 5 in Unarmed Combat
  1635 | D:3      | Found Kutoguom's Assorted Antiques.
  1653 | D:3      | Identified the +1 robe "Etairphau" {rF++ MP-9 Dex+4}
  1823 | D:1      | Found a faded altar of an unknown god.
  3438 | D:3      | Noticed Jessica
  3444 | D:3      | Killed Jessica
  3610 | D:6      | Noticed Menkaure
  3619 | D:6      | Killed Menkaure
  3620 | D:6      | Reached skill level 6 in Unarmed Combat
  3620 | D:6      | Reached XP level 8. HP: 33/78 MP: 7/7
  3708 | D:5      | Gained mutation: You have an increased reservoir of magic.
                  | (+10% MP) [potion of mutation]
  3708 | D:5      | Gained mutation: Your skin changes colour to match your
                  | surroundings (Stealth+). [potion of mutation]
  3808 | D:6      | Found a staircase to the Ecumenical Temple.
  3920 | D:6      | Found a shimmering blue altar of Sif Muna.
  3920 | D:6      | Noticed Maggie
  3974 | D:6      | Found a transporter.
  3979 | D:6      | Found a transporter.
  4028 | D:6      | Reached skill level 5 in Stealth
  4047 | D:6      | Reached skill level 7 in Unarmed Combat
  4143 | Temple   | Entered the Ecumenical Temple
  4499 | Temple   | Became a worshipper of Trog the Wrathful
  4609 | D:6      | Noticed sirJeffrey23's ghost (amateur HOMo)
  4815 | D:6      | Slain by a killer bee

Illustrated notes

Levels and vault maps discovered:
D:1:      beargit_arrival_greenhouse, layout_loops_ring,
          shapermc_ecumenical_altar_ellora
D:2:      layout_rooms
D:3:      layout_basic, serial_shops, nicolae_shop_overgrown_old_shop,
          kennysheep_jessica_study
D:4:      layout_basic, ebering_ghost_sewer_d, minmay_pentomino_pile
D:5:      minmay_chambers_of_fours, layout_basic
D:6:      layout_basic, nicolae_overflow_hidden_temple, temple_doors_e,
          gammafunk_ghost_hive, uniq_menkaure, uniq_maggie
Temple:   mainiacjoe_temple_trianglar_array

Skill      XL: |  1  2  3  4  5  6  7  8 |
---------------+-------------------------+-----
Stealth        | 3 4 5 |  5.2
Fighting       | 3 |  3.7
Unarmed Combat | 3 4 6 7 |  7.5
Dodging        | 2 3 |  3.1

Action                   |  1- 3 |  4- 6 |  7- 9 || total
-------------------------+-------+-------+-------++-------
Melee: Unarmed           |    27 |    49 |   179 ||   255
       Punch             |     1 |     1 |     9 ||    11
  Use: Potion            |       |       |     8 ||     8
       Scroll            |       |       |    11 ||    11
 Stab: Sleeping          |     3 |     1 |    12 ||    16
       Distracted        |       |       |     1 ||     1
       Invisible         |       |       |     5 ||     5
Armor: Robe              |     6 |     2 |    46 ||    54
Dodge: Dodged            |    14 |    23 |    89 ||   126
